 Dungeon Crawl Stone Soup version 0.23.0 (webtiles) character file.

Game seed: 15840503063219791395

199 YuikonoTournament the Shooter (level 5, -1/46 HPs)
             Began as a Centaur Hunter on Feb 9, 2019.
             Slain by Grinder (4 damage)
             ... while paralysed by Grinder
             ... on level 3 of the Dungeon.
             The game lasted 00:07:43 (2431 turns).

YuikonoTournament the Shooter (Centaur Hunter)      Turns: 2431, Time: 00:07:43

Health: -1/46      AC:  6    Str: 14    XL:     5   Next: 48%
Magic:  5/5        EV:  1    Int: 10    God:
Gold:   90         SH:  0    Dex: 11    Spells: 4/4 levels left

rFire    . . .     SeeInvis .   b - +0 short sword
rCold    . . .     Gourm    .   (no shield)
rNeg     . . .     Faith    .   c - +0 leather armour
rPois    .         Spirit   .   q - +1 helmet
rElec    .         Reflect  .   (no cloak)
rCorr    .         Harm     .   (no gloves)
MR       .....                  (no barding)
Stlth    +.........             m - amulet of regeneration
HPRegen  0.55/turn              (no ring)
MPRegen  0.09/turn              (no ring)

@: paralysed, very quick
A: large, hooves 3, deformed body, speed 2, tough skin 3
a: no special abilities


You were on level 3 of the Dungeon.
You were not hungry.

You visited 1 branch of the dungeon, and saw 3 of its levels.

You collected 90 gold pieces.

Inventory:

Hand Weapons
 a - a +1 shortbow
 b - a +0 short sword (weapon)
Missiles
 g - 26 bolts
 h - 112 stones (quivered)
Armour
 c - a +0 leather armour (worn)
 n - a +2 shield
 p - a +0 helmet
 q - a +1 helmet (worn)
Jewellery
 k - an uncursed amulet of faith
 m - an amulet of regeneration (around neck)
Scrolls
 e - 3 scrolls of identify
 i - a scroll of amnesia {unknown}
 j - 2 scrolls of teleportation {unknown}
Potions
 l - a potion of brilliance {unknown}
Comestibles
 f - 2 rations
 o - 3 chunks of flesh


   Skills:
 + Level 4.2 Fighting
 + Level 7.4 Bows
 - Level 1.3 Dodging
 - Level 0.4 Stealth


You had 4 spell levels left.
You didn't know any spells.
Your spell library was empty.

Dungeon Overview and Level Annotations

Branches:
Dungeon (3/15)

Altars:
Uskayaw

Annotations:
D:3 Grinder


Innate Abilities, Weirdness & Mutations

You have hooves in place of feet.
Armour fits poorly on your strangely shaped body.
You cover ground very quickly.
You have extremely tough skin. (AC +3)


Message History

You closely miss Grinder. You kick Grinder.
Grinder is severely wounded.
Grinder barely misses you.
You hit Grinder but do no damage.
Grinder is severely wounded.
Grinder gestures at you.
You suddenly lose the ability to move!
Grinder gestures at you. Pain shoots through your body! Grinder hits you.
You writhe in agony.
Grinder gestures at you.
You shrug off the repeated paralysis!
Grinder hits you.
You writhe in agony.
* * * LOW HITPOINT WARNING * * *
Grinder hits you.
* * * LOW HITPOINT WARNING * * *
You writhe in agony.
* * * LOW HITPOINT WARNING * * *
Grinder hits you.
You die...

##..####
.....##)#####
##..#
............#
.....
......#.###.#
######
............#
#.##....###.####
#.##..#.†......#
. .............##
...###..#.##..#.#
.......@......#
.#####.5...#.##
#.(...#.##
###(.......#
#.....####.#
#(....#((#.#
#.)._.#..#...#
.......#..#...#
####?...####.#.#


You could see Grinder and 2 dancing weapons.

Vanquished Creatures
  An orc priest (D:3)
  Terence (D:3)
  Robin (D:3)
  6 adders
  5 worms
  A leopard gecko (D:2)
  3 orcs (D:3)
  3 ball pythons
  A giant cockroach (D:1)
  13 goblins
  5 hobgoblins
  7 jackals
  A quokka (D:3)
  4 bats
  2 frilled lizards
  4 kobolds
  7 rats
65 creatures vanquished.

Notes
Turn   | Place    | Note
-------+----------+-------------------------------------------
     0 | D:1      | YuikonoTournament the Centaur Hunter began the quest for
                  | the Orb.
     0 | D:1      | Reached XP level 1. HP: 17/17 MP: 1/1
   329 | D:1      | Reached XP level 2. HP: 24/25 MP: 2/2
  1245 | D:2      | Reached skill level 6 in Bows
  1245 | D:2      | Reached XP level 3. HP: 16/30 MP: 3/3
  1271 | D:2      | HP: 1/30 [poisoned by an adder]
  1277 | D:2      | HP: 1/30 [poisoned by an adder]
  1975 | D:3      | Noticed Robin
  2008 | D:3      | Killed Robin
  2008 | D:3      | Reached XP level 4. HP: 32/38 MP: 4/4
  2142 | D:3      | Noticed Terence
  2204 | D:3      | Killed Terence
  2204 | D:3      | Reached skill level 7 in Bows
  2204 | D:3      | Reached XP level 5. HP: 22/46 MP: 5/5
  2397 | D:3      | Found a hide-covered altar of Uskayaw.
  2397 | D:3      | Noticed a +0 hand axe
  2398 | D:3      | Noticed a +0 hand axe
  2403 | D:3      | Noticed Grinder
  2413 | D:3      | Paralysed by Grinder for 7 turns
  2425 | D:3      | Paralysed by Grinder for 7 turns
  2430 | D:3      | HP: 2/46 [Grinder (5)]
  2431 | D:3      | Slain by Grinder

Skill      XL: |  1  2  3  4  5 |
---------------+----------------+-----
Bows           | 6 7 |  7.4
Fighting       | 3 4 |  4.2
Dodging        | |  1.3
Stealth        | |  0.4

Action                   |  1- 3 |  4- 6 || total
-------------------------+-------+-------++-------
Melee: Short sword       |    96 |    81 ||   177
       Kick              |    25 |    19 ||    44
       Shortbow          |     4 |       ||     4
 Fire: Shortbow          |    37 |    25 ||    62
  Use: Potion            |     1 |       ||     1
       Scroll            |       |     1 ||     1
  Eat: Chunk             |     1 |     2 ||     3
Armor: Leather armour    |    44 |    30 ||    74
Dodge: Dodged            |    59 |    44 ||   103
